 Dungeon Crawl Stone Soup version 0.21.1-1-g345015fe64 (webtiles) character file.

1762 Gargoyl the Schismatic (level 8, -1/67 HPs)
             Began as a Centaur Abyssal Knight on May 31, 2018.
             Was an Elder of Lugonu.
             Succumbed to a gnoll sergeant's poison
             ... on level 5 of the Dungeon.
             The game lasted 00:12:16 (6803 turns).

Gargoyl the Schismatic (Centaur Abyssal Knight)     Turns: 6803, Time: 00:12:16

Health: -1/67      AC: 12    Str: 15    XL:     8   Next: 79%
Magic:  4/12       EV:  7    Int: 11    God:    Lugonu [****..]
Gold:   307        SH:  3    Dex: 13    Spells: 7/7 levels left

rFire    . . .     SeeInvis .   a - +1 hand axe
rCold    . . .     Gourm    .   m - +0 buckler
rNeg     . . .     Faith    .   j - +0 chain mail
rPois    .         Spirit   .   h - +0 helmet
rElec    .         Reflect  .   d - +1 cloak {+Inv}
rCorr    .         Harm     .   (no gloves)
MR       +....                  (no barding)
Stlth    ..........             (no amulet)
HPRegen  0.21/turn              n - +3 ring of evasion
MPRegen  0.13/turn              (no ring)

@: lethally poisoned (-1 -> -32), very quick
A: large, hooves 3, thin skeletal structure 1, deformed body, speed 2, magic
resistance 1, tough skin 3
a: Depart the Abyss, Bend Space, Banish, Corrupt, Renounce Religion, Evoke
Invisibility


You were on level 5 of the Dungeon.
You worshipped Lugonu.
Lugonu was greatly pleased with you.
You were not hungry.

You visited 1 branch of the dungeon, and saw 6 of its levels.
You visited the Abyss 1 time.

You collected 307 gold pieces.

Inventory:

Hand Weapons
 a - a +1 hand axe (weapon)
Missiles
 o - a tomahawk (quivered)
Armour
 d - a +1 cloak of invisibility (worn)
 h - a +0 helmet (worn)
 j - a +0 chain mail (worn)
 m - a +0 buckler (worn)
Jewellery
 n - a +3 ring of evasion (left hand)
 u - an uncursed ring of wizardry {unknown}
Wands
 p - a wand of iceblast (9)
 s - a wand of flame (23)
 t - a wand of acid (9)
Scrolls
 b - a scroll of magic mapping
 f - a scroll of identify
 g - 3 scrolls of teleportation
 l - a scroll of blinking
 q - a scroll of remove curse
Potions
 e - 3 potions of agility
 i - a potion of flight
 k - a potion of haste
 r - a potion of might
Comestibles
 c - 2 rations


   Skills:
 + Level 4.6 Fighting
 + Level 6.0 Axes
 * Level 4.9 Armour
 + Level 1.8 Dodging
 * Level 6.2 Invocations
 + Level 0.1 Evocations


You had 7 spell levels left.
You didn't know any spells.

Dungeon Overview and Level Annotations

Branches:
Dungeon (6/15)
 Temple: D:4-7

Altars:
Cheibriados
Elyvilon
Fedhas
Gozag
Hepliaklqana
Nemelex Xobeh
Okawaru
Qazlal
Vehumet
Yredelemnul
The Shining One


Innate Abilities, Weirdness & Mutations

You have hooves in place of feet.
Armour fits poorly on your strangely shaped body.
You cover ground very quickly.
You have extremely tough skin. (AC +3)
You have a somewhat thin skeletal structure. (Dex +2, Stealth)
You are resistant to hostile enchantments. (MR+)


Message History

Press: ? - help, Shift-Dir - straight line, f - gnoll
Aim: a gnoll, wielding a club (almost dead, chance to defeat MR: 89%)
The gnoll is devoured by a tear in reality.
Lugonu claims a new guest.
You feel somewhat more hungry.
* * * LOW HITPOINT WARNING * * *
You feel very sick.
The gnoll sergeant hits you but does no damage.
Press: ? - help, Shift-Dir - straight line, f - gnoll sergeant
Aim: a gnoll sergeant, wielding a spear of venom and wearing a ring mail (chance to defeat MR: 84%)
The gnoll sergeant is devoured by a tear in reality.
Lugonu claims a new guest.
You feel somewhat more hungry.
* * * LOW HITPOINT WARNING * * *
You feel very sick.
* * * LOW HITPOINT WARNING * * *
You feel very sick.
* * * LOW HITPOINT WARNING * * *
You feel sick.
You die...

#.......#
#.......#########
#...............#
#...............#
##..............<#
.................#
....#............#
....#............#
...(............@#
.....(...........#
..........(....§§#
..............§§>#
.....#.....#######
.....#####.#
##'#....##.#
#.####.##.# ##.#
#.##.#


There were no monsters in sight!

Vanquished Creatures
  The ghost of yann the Conjurer, an amateur HuWn (D:3)
  Menkaure (D:5)
  Edmund (D:5)
  2 ogres
  2 bullfrogs (D:6)
  A scorpion (D:5)
  3 howler monkeys
  A crimson imp (D:6)
  2 bullfrog zombies
  2 hounds (D:4)
  3 jellies (D:4)
  5 orc wizards
  Crazy Yiuf (D:5)
  Ijyb (D:3)
  An iguana (D:4)
  3 worker ants
  5 gnolls
  10 adders
  8 oozes (D:4)
  An adder skeleton (D:6)
  3 worms
  2 dart slugs
  4 leopard geckos
  13 orcs
  6 ball pythons (D:3)
  4 giant cockroaches
  8 hobgoblins
  3 quokkas
  5 bats
  7 frilled lizards
  9 goblins
  2 jackal skeletons
  12 kobolds
  12 rats
144 creatures vanquished.

Vanquished Creatures (others)
  An orc warrior (D:6)
  A gnoll sergeant (D:5)
  A gnoll (D:5)
  2 fungi
  10 toadstools (D:4)
15 creatures vanquished.

Grand Total: 159 creatures vanquished

Notes
Turn   | Place    | Note
-------+----------+-------------------------------------------
     0 | Abyss:1  | Gargoyl the Centaur Abyssal Knight began the quest for the Orb.
     0 | Abyss:1  | Reached XP level 1. HP: 19/19 MP: 2/2
    81 | Abyss:1  | Noticed an eye of draining
    81 | Abyss:1  | Noticed a freezing wraith
    98 | Abyss:1  | Noticed an iron imp
   120 | Abyss:1  | Noticed an ice devil
   129 | Abyss:1  | Noticed a quasit
   144 | Abyss:1  | Noticed a chaos spawn
   174 | Abyss:1  | Noticed a chaos spawn
   191 | Abyss:1  | Noticed a starcursed mass
   192 | D:1      | Escaped the Abyss
   466 | D:1      | Reached * piety under Lugonu
   554 | D:1      | Reached XP level 2. HP: 23/26 MP: 3/3
  1341 | D:2      | Found a stormy altar of Qazlal.
  1353 | D:2      | Reached XP level 3. HP: 18/31 MP: 1/4
  1595 | D:2      | Reached skill level 1 in Dodging
  1605 | D:2      | Found a blossoming altar of Fedhas.
  1666 | D:2      | Reached ** piety under Lugonu
  1667 | D:2      | Found a faded altar of an unknown god.
  1754 | D:2      | Reached XP level 4. HP: 17/38 MP: 3/6
  2143 | D:2      | Found a glowing golden altar of the Shining One.
  2150 | D:2      | Found a white marble altar of Elyvilon.
  2153 | D:2      | Found an iron altar of Okawaru.
  2453 | D:3      | Reached XP level 5. HP: 39/45 MP: 5/7
  2514 | D:3      | Noticed Ijyb
  2519 | D:3      | Found a hazy altar of Hepliaklqana.
  2550 | D:3      | Killed Ijyb
  2987 | D:3      | Found a snail-covered altar of Cheibriados.
  2987 | D:3      | Found an opulent altar of Gozag.
  3066 | D:3      | Noticed yann's ghost (amateur HuWn)
  3129 | D:3      | Killed yann's ghost
  3129 | D:3      | Reached XP level 6. HP: 32/52 MP: 3/9
  3525 | D:3      | Found a radiant altar of Vehumet.
  3635 | D:4      | Gained mutation: You have a somewhat thin skeletal structure. (Dex +2, Stealth) [potion of mutation]
  3635 | D:4      | Gained mutation: You are resistant to hostile enchantments. (MR+) [potion of mutation]
  3766 | D:4      | Reached *** piety under Lugonu
  3821 | D:4      | Reached XP level 7. HP: 28/58 MP: 6/10
  4066 | D:4      | Found a basalt altar of Yredelemnul.
  4748 | D:5      | Entered Level 5 of the Dungeon
  4780 | D:5      | Reached skill level 5 in Invocations
  4881 | D:5      | Found a sparkling altar of Nemelex Xobeh.
  4893 | D:5      | Noticed Edmund
  4911 | D:5      | Killed Edmund
  4999 | D:5      | Reached skill level 5 in Axes
  5002 | D:5      | Reached **** piety under Lugonu
  5010 | D:5      | Reached XP level 8. HP: 46/66 MP: 11/11
  5393 | D:5      | Noticed Menkaure
  5405 | D:5      | Killed Menkaure
  5672 | D:5      | Found a runed door.
  6020 | D:5      | Noticed Crazy Yiuf
  6032 | D:5      | Killed Crazy Yiuf
  6801 | D:5      | HP: 3/67 [poisoned by a gnoll sergeant]
  6802 | D:5      | HP: 1/67 [poisoned by a gnoll sergeant]
  6803 | D:5      | Succumbed to a gnoll sergeant's poison

Skill      XL: |  1  2  3  4  5  6  7  8 |
---------------+-------------------------+-----
Axes           | 2 3 4 5 6 |  6.0
Dodging        | 1 |  1.8
Invocations    | 3 4 5 6 |  6.2
Armour         | 2 3 4 |  4.9
Fighting       | 4 |  4.6
Evocations     | |  0.1

Action                   |  1- 3 |  4- 6 |  7- 9 || total
-------------------------+-------+-------+-------++-------
Melee: Hand axe          |   104 |   177 |   295 ||   576
       Kick              |    17 |    29 |    79 ||   125
Throw: Tomahawk          |       |       |     4 ||     4
Invok: Depart the Abyss  |     1 |       |       ||     1
       Banish            |       |       |     3 ||     3
Evoke: Wand              |       |     3 |       ||     3
  Use: Scroll            |     5 |     5 |     5 ||    15
       Potion            |     1 |     2 |     3 ||     6
  Eat: Chunk             |     1 |     3 |     1 ||     5
       Ration            |     1 |       |     3 ||     4
Armor: Leather armour    |     4 |       |       ||     4
       Chain mail        |    60 |   101 |   214 ||   375
       Ring mail         |     5 |       |       ||     5
Dodge: Dodged            |    38 |    61 |   128 ||   227
Block: Buckler           |       |       |    14 ||    14
